 Dungeon Crawl Stone Soup version 0.14-a0-1719-ga7e7698 (webtiles) character file.

10586 CrazyArbalest the Basher (level 11, -12/115 HPs)
             Began as an Ogre Berserker on Jan 1, 2014.
             Was a High Priest of Trog.
             Mangled by an ettin
             ... wielding a +0,+0 dire flail
              (19 damage)
             ... on Level 10 of the Dungeon.
             The game lasted 01:20:08 (11797 turns).

CrazyArbalest the Basher (Ogre Berserker)          Turns: 11797, Time: 01:20:09

HP -12/115       AC  5     Str 24      XL: 11   Next: 55%
MP  13/13        EV 12     Int  9      God: Trog [*****.]
Gold 569         SH  0     Dex  9      Spells:  0 memorised, 10 levels left

rFire  . . .     SeeInvis .     a - +0 morningstar
rCold  + . .     Clarity  .     D - +2 elf robe {rC+}
rNeg   . . .     Conserve .     (shield restricted)
rPois  +         rCorr    .     (helmet restricted)
rElec  .         rRot     .     (no cloak)
SustAb . .       Spirit   .     (gloves unavailable)
rMut   .         Warding  .     (boots unavailable)
Gourm  +         Stasis   .     o - amulet of the gourmand
                                e - ring of poison resistance
                                y - +6,+5 ring of slaying

@: somewhat resistant to hostile enchantments, unstealthy
A: unfitting armour, fast metabolism 1, saprovore 1, tough skin 1
a: Burn Spellbooks, Berserk, Trog's Hand, Brothers in Arms, Renounce Religion


You were on level 10 of the Dungeon.
You worshipped Trog.
Trog was extremely pleased with you.
You were not hungry.

You visited 1 branch of the dungeon, and saw 10 of its levels.
You also visited: Sewer.

You collected 643 gold pieces.
You spent 74 gold pieces at shops.

Inventory:

Hand weapons
 a - a +0,+0 morningstar (weapon)
 j - a +2,+3 anti-magic great mace
 L - a +2,+1 dire flail
Missiles
 q - 6 steel tomahawks
 N - 3 poisoned javelins
 V - 5 poisoned tomahawks
 Y - 9 javelins (quivered)
Armour
 D - a +2 elven robe of cold resistance (worn)
 E - a +2 robe of magic resistance
Magical devices
 H - a wand of slowing (3)
 P - a wand of draining (2)
 W - a wand of disintegration (8)
Comestibles
 c - 5 meat rations
 g - 5 sausages
 l - 2 pears
 A - 7 bread rations
 B - 3 chokos
 C - an orange
 R - a slice of pizza
 S - an apple
Scrolls
 d - 3 scrolls of noise
 h - 6 scrolls of fear
 i - 2 scrolls of teleportation
 p - 2 scrolls of enchant weapon II
 r - 2 scrolls of curse armour {unknown}
 s - a scroll of enchant armour
 t - 3 scrolls of immolation
 v - 5 scrolls of remove curse
 w - a scroll of blinking
 G - a scroll of fog
 K - a scroll of enchant weapon I
 M - a scroll of random uselessness
 O - 2 scrolls of amnesia
 Z - a scroll of torment
Jewellery
 e - a ring of poison resistance (right hand)
 o - an amulet of the gourmand (around neck)
 u - an uncursed ring of ice
 y - a +6,+5 ring of slaying (left hand)
Potions
 b - 2 potions of brilliance
 f - 3 potions of magic
 k - 11 potions of curing
 m - 2 potions of resistance
 n - a potion of speed
 x - 4 potions of heal wounds
 z - a potion of mutation
 F - a potion of might
 I - 6 potions of confusion {unknown}
 T - a potion of agility {unknown}
 U - a potion of flight {unknown}
 X - a potion of cure mutation {unknown}
Books
 J - a book of the Tempests

   Spells                             Type                      Level
   Static Discharge                   Conjuration/Air              3
   Lightning Bolt                     Conjuration/Air              5
   Fireball                           Conjuration/Fire             5
   Tornado                            Air                          9
   Shatter                            Earth                        9
   Trog disapproves of the use of such an item.
 Q - a book of Clouds

   Spells                             Type                      Level
   Mephitic Cloud                     Conjuration/Poison/Air       3
   Conjure Flame                      Conjuration/Fire             3
   Poisonous Cloud                    Conjuration/Poison/Air       6
   Freezing Cloud                     Conjuration/Ice/Air          6
   Ring of Flames                     Charms/Fire                  7
   Trog disapproves of the use of such an item.


   Skills:
 + Level 9.6 Fighting
 + Level 12.7 Maces & Flails
 * Level 10.1 Throwing
 + Level 8.8 Dodging
 + Level 3.3 Stealth
 + Level 1.2 Evocations


You had 10 spell levels left.
You didn't know any spells.

Dungeon Overview and Level Annotations

Branches:
Dungeon (10/16)            Temple (0/1) D:4             Orc (0/4) D:10
   Lair (0/8) D:8

Altars:

Shops:
D:1 }   D:4 ([   D:5 ([


Innate Abilities, Weirdness & Mutations

You are too large for most types of armour.
You have a fast metabolism.
You can tolerate rotten meat.
You have tough skin (AC +1).


Message History

You drop a wand of disintegration {empty}.
N - 2 poisoned javelins
There is an open door here.
Things that are here:
an uncursed orcish battleaxe; a shiny chain mail
N - 3 poisoned javelins (gained 1)
There is an open door here.
There is an open door here.
There is an open door here.
Things that are here:
an uncursed orcish battleaxe; a shiny chain mail You see here a wand of disintegration {empty}.
There is an open door, spattered with blood here.
Items here: (( ))) [ You see here a stone.
There is a stone staircase leading up here.
The ettin hits you with a dire flail!
* * * LOW HITPOINT WARNING * * *
The ettin hits you with a glowing dire flail!
You die...

#..##............
#.)##...#####.#.#
#..##...# #.#.#
####.[##########.#.#
#..[...............#
#....)...#######.###
#........#######.###
#.................).
#####.C@(....###.###.###
#......((((..###.###.#
#(##########.........###
#.(C.#..#..#............
#.#./)..'..#.###.#######
#.#######'##.###.####
#.# #..#........# #.#
#.%#.##.....# #.#
#'##.##.....#


You could see an ettin.

Vanquished Creatures
  Fannar (D:10)
  4 hill giants
  2 orc knights (D:10)
  3 trolls
  A spriggan (D:9)
  Prince Ribbit (D:7)
  2 two-headed ogres
  A wraith (D:10)
  Edmund (D:7)
  A swamp drake (D:10)
  A necrophage (D:5)
  A sky beast (D:7)
  A black bear (D:7)
  4 orc warriors
  4 ogres
  A phantom (D:5)
  5 ice beasts
  Sigmund (D:3)
  3 centaurs
  3 giant frogs
  A big kobold (D:10)
  An eye of draining (D:10)
  6 killer bees (D:9)
  3 wights (D:10)
  2 goliath beetles
  5 crimson imps
  7 orc priests
  2 giant frog skeletons
  3 scorpions
  3 hounds
  3 big fish (Sewer)
  10 orc wizards
  5 worker ants
  3 iguanas
  Ijyb (D:3)
  An ogre skeleton (D:9)
  5 jellies
  13 adders
  A giant centipede (D:8)
  2 steam dragon skeletons
  A worm zombie (D:8)
  4 giant mites
  An inept feature mimic (D:2)
  5 worms
  2 grey rats (D:5)
  An ooze (D:4)
  A giant eyeball (D:4)
  6 giant geckos
  67 orcs
  4 ball pythons
  10 bats
  3 giant cockroaches
  9 goblins
  18 hobgoblins
  14 jackals
  21 kobolds
  6 quokkas
  A giant gecko zombie (D:5)
  12 giant newts
  A giant spore (D:6)
  2 kobold zombies
  An orc zombie (D:10)
  13 rats
  A rat zombie (D:6)
  2 ballistomycetes (D:6)
  12 plants
  3 toadstools (D:1)
339 creatures vanquished.

Vanquished Creatures (collateral kills)
  Joseph (D:9)
  2 orc warriors (D:9)
  An orc (D:9)
4 creatures vanquished.

Vanquished Creatures (others)
  An ogre (D:9)
  5 plants
  A toadstool (D:1)
7 creatures vanquished.

Grand Total: 350 creatures vanquished

Notes
Turn   | Place    | Note
--------------------------------------------------------------
     0 | D:1      | CrazyArbalest, the Ogre Berserker, began the quest for the Orb.
     0 | D:1      | Reached XP level 1. HP: 24/24 MP: 1/1
    93 | D:1      | Reached XP level 2. HP: 32/32 MP: 2/2
   294 | D:1      | Acquired Trog's second power
   367 | D:1      | Found Twaxtiniagg's Gadget Shoppe.
   625 | D:2      | Reached XP level 3. HP: 37/39 MP: 3/3
   971 | D:2      | Reached skill level 1 in Throwing
  1244 | D:3      | Noticed Ijyb
  1257 | D:3      | Killed Ijyb
  1257 | D:3      | Reached XP level 4. HP: 49/49 MP: 4/4
  1531 | D:3      | Reached XP level 5. HP: 38/55 MP: 5/5
  1559 | D:3      | Noticed Sigmund
  2183 | D:3      | Reached skill level 5 in Maces & Flails
  2626 | D:3      | Killed Sigmund
  2626 | D:3      | Reached XP level 6. HP: 60/63 MP: 6/6
  3150 | D:4      | Reached skill level 5 in Dodging
  3170 | D:4      | Found a staircase to the Ecumenical Temple.
  3177 | D:4      | Found Pnozierr's Antique Weapon Shoppe.
  3206 | D:4      | Reached skill level 5 in Fighting
  3426 | D:4      | Found Breimien's Antique Armour Shop.
  3460 | D:4      | Bought an embroidered robe for 11 gold pieces
  3460 | D:4      | Bought an embroidered robe for 11 gold pieces
  3674 | D:4      | Reached XP level 7. HP: 72/72 MP: 7/7
  3868 | D:3      | Noticed an ogre
  3874 | D:3      | Killed an ogre
  3942 | D:5      | Entered Level 5 of the Dungeon
  3975 | D:5      | Reached skill level 6 in Maces & Flails
  4023 | D:5      | Found Qamymmut's Armour Boutique.
  4060 | D:5      | Acquired Trog's third power
  4120 | D:5      | Found a glowing drain.
  4162 | Sewer    | Entered a sewer
  4941 | Sewer    | Reached skill level 1 in Stealth
  5404 | D:5      | Found Quuck's Weapon Shop.
  5473 | D:5      | Reached skill level 7 in Maces & Flails
  5473 | D:5      | Reached XP level 8. HP: 67/83 MP: 8/8
  5585 | D:5      | Bought a +0,+0 morningstar for 52 gold pieces
  6202 | D:6      | Noticed a hill giant
  6535 | D:6      | Killed a hill giant
  6535 | D:6      | Reached skill level 8 in Maces & Flails
  6535 | D:6      | Reached skill level 5 in Throwing
  6649 | D:6      | Reached XP level 9. HP: 89/93 MP: 9/9
  6669 | D:6      | Reached skill level 9 in Maces & Flails
  7193 | D:7      | Noticed Edmund
  7210 | D:7      | Killed Edmund
  7423 | D:7      | Received a gift from Trog
  7644 | D:7      | Noticed Prince Ribbit
  7650 | D:7      | Killed Prince Ribbit
  7860 | D:7      | Reached skill level 10 in Maces & Flails
  8341 | D:8      | Reached XP level 10. HP: 83/104 MP: 10/10
  8522 | D:8      | Found a staircase to the Lair.
  8575 | D:8      | Noticed a komodo dragon
  8834 | D:9      | Reached skill level 11 in Maces & Flails
  9118 | D:9      | Received a gift from Trog
  9129 | D:9      | HP: 5/106 [orc warrior/orcish glaive (8)]
  9363 | D:9      | Noticed Joseph
  9378 | D:9      | Killed Joseph
 10168 | D:10     | Entered Level 10 of the Dungeon
 10171 | D:10     | Noticed a hill giant
 10184 | D:10     | Killed a hill giant
 10477 | D:10     | Found a staircase to the Orcish Mines.
 10523 | D:10     | Reached skill level 1 in Evocations
 10850 | D:10     | Reached XP level 11. HP: 113/113 MP: 13/13
 10908 | D:10     | Noticed Fannar
 10929 | D:10     | Killed Fannar
 10929 | D:10     | Reached skill level 12 in Maces & Flails
 10937 | D:10     | Received a gift from Trog
 11237 | D:10     | Noticed a hill giant
 11251 | D:10     | Killed a hill giant
 11385 | D:10     | Noticed an orc knight
 11486 | D:10     | Killed an orc knight
 11509 | D:10     | Noticed an orc knight
 11510 | D:10     | Noticed an ettin
 11520 | D:10     | Noticed a hill giant
 11736 | D:10     | Killed a hill giant
 11736 | D:10     | Received a gift from Trog
 11739 | D:10     | Killed an orc knight
 11739 | D:10     | Reached skill level 10 in Throwing
 11797 | D:10     | Mangled by an ettin

Action                   |  1- 3 |  4- 6 |  7- 9 | 10-12 || total
-------------------------+-------+-------+-------+-------++-------
Melee: Mace              |    88 |   131 |       |       ||   219
       Morningstar       |       |    51 |   499 |   194 ||   744
Throw: Tomahawk          |     6 |     9 |       |    16 ||    31
       Javelin           |       |       |    38 |    80 ||   118
Invok: Berserk           |     1 |     2 |     2 |     7 ||    12
       Brothers in Arms  |       |       |       |     3 ||     3
Evoke: Wand              |       |       |     4 |    13 ||    17
  Use: Scroll            |       |       |    11 |     9 ||    20
       Potion            |       |       |     2 |     1 ||     3
 Stab: Sleeping          |       |       |     1 |     2 ||     3
